[Event "26th Zadar Open 2019"]
[Site "Zadar"]
[Date "2019.12.16"]
[Round "3.2"]
[White "Moksh Amit Doshi"]
[Black "Dev, Shah"]
[Result "0-1"]
[ECO "D52"]
[WhiteElo "2399"]
[BlackElo "2242"]
[Annotator "NA"]
[PlyCount "132"]
[EventDate "2019.12.15"]
[EventType "swiss"]
[EventCountry "CRO"]
[SourceTitle "playchess.com"]
[Source "ChessBase"]
[SourceQuality "1"]
[TimeControl "40/5400+30:1800+30"]

1. d4 {[%emt 0:04:30] 5} d5 {[%emt 0:01:30] 5} 2. c4 {[%emt 0:00:00] 5} c6 3. Nf3 Nf6 4. Nc3 e6 5. Bg5 Nbd7 6. e3 Qa5 7. cxd5 Nxd5 8. Rc1 Bb4 9. a3 Bxc3+ 10. bxc3 b6 11. Bd3 h6 12. Bh4 Nxc3 13. Qd2 Nd5 14. Qxa5 bxa5 15. Rxc6 Bb7 16. Rc2 O-O 17. Kd2 Rfc8 18. Rxc8+ Rxc8 19. Rb1 N5b6 20. Rb5 a4 21. Ne1 Ba6 22. Ra5 Bxd3 23. Kxd3 Rc1 24. Nc2 Rd1+ 25. Ke2 Rc1 26. Kd2 Rb1 27. Rxa7 Nc4+ 28. Kd3 Ndb6 29. Be7 Rd1+ 30. Kc3 Nd2 31. Bc5 Ne4+ 32. Kb4 {[%emt 0:00:30] ]} Rb1+ 33. Ka5 {[%emt 0:00:30] 1} Nc4+ 34. Ka6 {[%emt 0:00:00] 6} Rb2 35. Nb4 {[%emt 0:03:00] 0} Nxa3 36. Nd3 {[%emt 0:01:30] 3} Rb3 37. Ne5 {[%emt 0:01:30] ]} Nb5 38. Ra8+ {[%emt 0:07:30] 3} Kh7 39. Kb6 {[%emt 0:00:30] 2} Nxd4+ 40. Kc7 {[%emt 0:00:30] ]} Nb5+ 41. Kc6 {[%emt 0:30:30] 7} a3 42. Nd7 h5 43. f3 Nec3 44. e4 a2 45. Be3 Ra3 46. Nf8+ Kg8 47. Rb8 g6 48. Nd7+ Kg7 49. Bg5 Ra6+ 50. Kc5 e5 51. Nf6 Rxf6 52. Bxf6+ Kxf6 53. Ra8 Nd4 54. Kc4 Nc2 55. Kxc3 a1=Q+ 56. Rxa1 Nxa1 57. Kb2 Kg5 58. g3 h4 59. Kxa1 hxg3 60. hxg3 f5 61. exf5 gxf5 62. Kb2 f4 63. gxf4+ Kxf4 64. Kc2 Kxf3 65. Kd2 e4 66. Ke1 Ke3 0-1

[Event "26th Zadar Open 2019"]
[Site "Zadar"]
[Date "2019.12.16"]
[Round "3.3"]
[White "Kozul, Zdenko"]
[Black "Manush Shah"]
[Result "1-0"]
[ECO "A07"]
[WhiteElo "2590"]
[BlackElo "2341"]
[Annotator "ChessBase"]
[PlyCount "75"]
[EventDate "2019.12.15"]
[EventType "swiss"]
[EventCountry "CRO"]
[SourceTitle "playchess.com"]
[Source "ChessBase"]
[SourceQuality "1"]
[TimeControl "40/5400+30:1800+30"]

1. Nf3 {[%emt 0:00:30] 7} d5 {[%emt 0:03:30] 7} 2. g3 {[%emt 0:00:30] 7} c6 3. Bg2 Bg4 4. O-O Nd7 5. d3 Ngf6 6. Nbd2 e6 7. h3 Bh5 8. Qe1 Bc5 9. e4 dxe4 10. dxe4 e5 11. Nc4 Bxf3 12. Bxf3 Qe7 13. Kg2 O-O 14. a4 Rfe8 15. Bd2 Qe6 16. Qe2 Nb6 17. Na5 Qe7 18. Nb3 Bd6 19. a5 Nbd7 20. Qc4 Nc5 21. Nxc5 Bxc5 22. Rfd1 a6 23. Bg5 Rad8 24. Bxf6 gxf6 25. Bg4 Ba7 26. c3 Qc5 27. Qe2 Qf8 28. Bd7 {[%emt 0:06:30] 0} Re7 29. Rd2 {[%emt 0:00:30] 0} Qg7 30. Rad1 {[%emt 0:00:30] 0} Rf8 31. Bf5 {[%emt 0:00:30] 5} Rfe8 32. Rd7 Qf8 33. Qg4+ Kh8 34. Qh4 h6 35. R7d6 Re6 36. Bxe6 fxe6 37. Rd7 Rb8 38. Qh5 1-0

[Event "26th Zadar Open 2019"]
[Site "Zadar"]
[Date "2019.12.16"]
[Round "3.4"]
[White "Yeoh, Li Tian"]
[Black "Lye, Lik Zang"]
[Result "1-0"]
[ECO "A05"]
[WhiteElo "2530"]
[BlackElo "2379"]
[Annotator "ChessBase"]
[PlyCount "77"]
[EventDate "2019.12.15"]
[EventType "swiss"]
[EventCountry "CRO"]
[SourceTitle "playchess.com"]
[Source "ChessBase"]
[SourceQuality "1"]
[TimeControl "40/5400+30:1800+30"]

1. e4 {[%emt 0:00:30] 6} c5 {[%emt 0:00:30] 6} 2. Nf3 {[%emt 0:00:00] 6} d6 3. g3 Nf6 4. d3 g6 5. Bg2 Bg7 6. O-O O-O 7. Re1 Nc6 8. c3 e5 9. a3 d5 10. Nbd2 b6 11. b4 dxe4 12. dxe4 cxb4 13. axb4 Qc7 14. Qe2 Ne8 15. Nc4 Ne7 16. Be3 Bb7 17. Nfd2 f5 18. f4 exf4 19. Bxf4 {[%emt 0:00:00] 1} Qc8 20. Ra3 {[%emt 0:10:00] ]} fxe4 21. Nxe4 {[%emt 0:00:30] 9} Nf5 22. Rea1 {[%emt 0:00:30] 6} b5 23. Na5 {[%emt 0:02:30] 1} Bd5 24. Qxb5 {[%emt 0:01:30] 0} Bf7 25. Ng5 {[%emt 0:04:30] ]} Bxc3 26. Rc1 {[%emt 0:00:30] 2} Bd4+ 27. Kh1 {[%emt 0:00:30] 3} Qd8 28. Nc6 Qf6 29. Nxd4 Nxd4 30. Qe5 Rd8 31. Rxa7 Qxe5 32. Bxe5 Ne2 33. Re1 Bc4 34. Rxh7 Nf6 35. Rc7 Rde8 36. Rxe2 Bxe2 37. Bxf6 Rxf6 38. Bd5+ Ree6 39. Bxe6+ 1-0

[Event "26th Zadar Open 2019"]
[Site "Zadar"]
[Date "2019.12.16"]
[Round "3.5"]
[White "Chan, Kim Yew"]
[Black "Stany, G.A."]
[Result "0-1"]
[ECO "A16"]
[WhiteElo "2245"]
[BlackElo "2526"]
[Annotator "ChessBase"]
[PlyCount "100"]
[EventDate "2019.12.15"]
[EventType "swiss"]
[EventCountry "CRO"]
[SourceTitle "playchess.com"]
[Source "ChessBase"]
[SourceQuality "1"]
[TimeControl "40/5400+30:1800+30"]

1. Nf3 {[%emt 0:00:30] 9} d5 {[%emt 0:00:30] 9} 2. g3 {[%emt 0:00:00] 9} Nf6 3. Bg2 g6 4. c4 Bg7 5. cxd5 Nxd5 6. O-O Nb6 7. Nc3 Nc6 8. d3 O-O 9. Be3 e5 10. Qd2 Re8 11. Rac1 Nd4 12. Rfe1 Bg4 13. Bxd4 exd4 14. Ne4 Nd5 15. Qg5 Qxg5 16. Nfxg5 Rad8 17. Nc5 b6 18. Na6 Rxe2 19. h3 Rxe1+ {[%emt 0:00:30] 1} 20. Rxe1 Bf5 {[%emt 0:00:30] 3} 21. Bxd5 Rxd5 {[%emt 0:00:30] ]} 22. Re8+ Bf8 {[%emt 0:00:00] 9} 23. Nxh7 Kxh7 {[%emt 0:00:00] 2} 24. Rxf8 Kg7 {[%emt 0:04:30] ]} 25. Ra8 c5 {[%emt 0:03:30] 9} 26. Nc7 Re5 {[%emt 0:11:30] 1} 27. f4 Re2 28. Ne8+ Kh6 29. g4 Bxd3 30. Nf6 g5 31. f5 c4 32. Rg8 Re3 33. h4 Rg3+ 34. Kf2 gxh4 35. g5+ Rxg5 36. Ng4+ Rxg4 37. Rxg4 c3 38. bxc3 dxc3 39. Ke3 Kh5 40. Rg7 c2 41. Kd2 f6 42. Rxa7 Bxf5 43. Rf7 Kg5 44. Rg7+ Bg6 45. Rg8 h3 46. Rh8 Bf5 47. a4 Kf4 48. Rh6 Kg3 49. Rxf6 h2 50. Rh6 Kg2 0-1

[Event "26th Zadar Open 2019"]
[Site "Zadar"]
[Date "2019.12.16"]
[Round "3.6"]
[White "Hnydiuk, Aleksander"]
[Black "Bratovic, Blaz"]
[Result "1/2-1/2"]
[ECO "A10"]
[WhiteElo "2423"]
[BlackElo "2359"]
[Annotator "NA"]
[PlyCount "86"]
[EventDate "2019.12.15"]
[EventType "swiss"]
[EventCountry "CRO"]
[SourceTitle "playchess.com"]
[Source "ChessBase"]
[SourceQuality "1"]
[TimeControl "40/5400+30:1800+30"]

1. Nf3 e6 2. c4 f5 3. g3 Nf6 4. Bg2 d5 5. O-O Bd6 6. Nc3 O-O 7. d3 dxc4 8. dxc4 Nc6 9. Nb5 e5 10. Nxd6 cxd6 11. b3 Qe7 12. Ba3 Rd8 13. Qd2 Ne4 14. Qe3 a5 15. Nd2 Nc5 16. f4 Nb4 17. Qc3 Re8 18. Bb2 exf4 19. gxf4 Qe3+ 20. Qxe3 Rxe3 21. a3 Nc6 22. Bd5+ Kf8 23. Kf2 Re7 24. b4 axb4 25. Bxc6 bxc6 26. axb4 Rxa1 27. Rxa1 Ne4+ 28. Nxe4 Rxe4 29. Ra8 Re8 30. Ra7 Re7 31. Ra8 Re8 32. Ra7 Re7 33. Rxe7 Kxe7 34. Bxg7 Ba6 35. c5 dxc5 36. bxc5 Bc4 37. Kf3 Bd5+ 38. Kg3 Kf7 39. Bd4 Kg6 40. Be5 Be4 41. Bd4 Bd5 42. Be5 Be4 43. Bd4 Bd5 1/2-1/2

[Event "26th Zadar Open 2019"]
[Site "Zadar"]
[Date "2019.12.16"]
[Round "3.7"]
[White "Bhambure, Shantanu"]
[Black "Rezan, Sasa"]
[Result "1/2-1/2"]
[ECO "D30"]
[WhiteElo "2340"]
[BlackElo "2415"]
[Annotator "NA"]
[PlyCount "52"]
[EventDate "2019.12.15"]
[EventType "swiss"]
[EventCountry "CRO"]
[SourceTitle "playchess.com"]
[Source "ChessBase"]
[SourceQuality "1"]
[TimeControl "40/5400+30:1800+30"]

1. d4 Nf6 2. c4 e6 3. Nf3 d5 4. Bg5 Bb4+ 5. Nbd2 dxc4 6. e3 b5 7. Be2 Bb7 8. O-O Be7 9. Qc2 Nbd7 10. a4 a6 11. b3 c5 12. axb5 axb5 13. bxc4 b4 14. Nb3 O-O 15. Rxa8 Bxa8 16. Ra1 Be4 17. Qb2 Qc7 18. Bf4 Qb6 19. Ne5 Rc8 20. Ra5 Bf8 21. Qa2 Nxe5 22. Bxe5 Nd7 23. Bg3 Qd8 24. f3 Bb7 25. Ra7 Ra8 26. Rxa8 Qxa8 1/2-1/2

[Event "26th Zadar Open 2019"]
[Site "Zadar"]
[Date "2019.12.16"]
[Round "3.8"]
[White "Nguyen, Piotr"]
[Black "Dimitrov, Vladimir"]
[Result "1-0"]
[ECO "A30"]
[WhiteElo "2413"]
[BlackElo "2285"]
[Annotator "NA"]
[PlyCount "97"]
[EventDate "2019.12.15"]
[EventType "swiss"]
[EventCountry "CRO"]
[SourceTitle "playchess.com"]
[Source "ChessBase"]
[SourceQuality "1"]
[TimeControl "40/5400+30:1800+30"]

1. Nf3 {[%emt 0:00:30] 6} c5 {[%emt 0:00:30] 6} 2. c4 {[%emt 0:00:00] 6} Nc6 3. b3 e5 4. Nc3 g6 5. Bb2 Bg7 6. g3 Nge7 7. Bg2 O-O 8. O-O d6 9. d3 a6 10. e3 Rb8 11. Qe2 h6 12. Nd2 f5 13. f4 exf4 14. gxf4 Be6 15. Rab1 Qd7 16. a3 d5 17. cxd5 Nxd5 18. Nxd5 Bxd5 19. b4 Bxg2 20. Kxg2 Bxb2 {[%emt 0:03:30] ]} 21. Rxb2 cxb4 {[%emt 0:03:30] 2} 22. axb4 Rfe8 {[%emt 0:00:00] 0} 23. Nf3 Re6 {[%emt 0:02:00] ]} 24. d4 Ne7 {[%emt 0:08:30] 2} 25. b5 axb5 {[%emt 0:02:30] 3} 26. Ne5 Qd5+ {[%emt 0:00:30] 3} 27. Kf2 Ra8 {[%emt 0:02:30] 8} 28. Rfb1 b4 {[%emt 0:02:30] ]} 29. Rxb4 Ra2 {[%emt 0:00:30] 9} 30. R1b2 Rxb2 {[%emt 0:01:30] 5} 31. Qxb2 g5 {[%emt 0:01:30] 3} 32. Qb3 gxf4 {[%emt 0:03:30] 0} 33. exf4 Ra6 {[%emt 0:00:30] 4} 34. Rxb7 Ra2+ {[%emt 0:00:30] 2} 35. Kg3 Rg2+ {[%emt 0:02:30] 5} 36. Kh3 Qxb3+ {[%emt 0:01:30] ]} 37. Rxb3 Rd2 {[%emt 0:00:30] 9} 38. Rd3 Rxd3+ {[%emt 0:00:30] 0} 39. Nxd3 Kf7 {[%emt 0:00:30] ]} 40. Nb4 Ke6 {[%emt 0:00:30] 2} 41. Kh4 Ng6+ {[%emt 0:00:30] 9} 42. Kg3 {[%emt 0:00:00] 9} Kd6 {[%emt 0:01:30] 9} 43. Kf3 Nh4+ 44. Kf2 Ng6 45. Ke3 Nf8 46. Nc2 Ne6 47. Kf3 Kc6 48. d5+ Kxd5 49. Ne3+ 1-0

[Event "26th Zadar Open 2019"]
[Site "Zadar"]
[Date "2019.12.16"]
[Round "3.9"]
[White "Saric, Ante"]
[Black "Mitev, Valentin"]
[Result "1-0"]
[ECO "D30"]
[WhiteElo "2556"]
[BlackElo "2233"]
[Annotator "ChessBase"]
[PlyCount "63"]
[EventDate "2019.12.15"]
[EventType "swiss"]
[EventCountry "CRO"]
[SourceTitle "playchess.com"]
[Source "ChessBase"]
[SourceQuality "1"]
[TimeControl "40/5400+30:1800+30"]

1. c4 e6 2. g3 d5 3. Bg2 Nf6 4. d4 Be7 5. Nf3 O-O 6. O-O c5 7. cxd5 exd5 8. dxc5 Bxc5 9. Qc2 Be7 10. Nc3 Nc6 11. Rd1 Be6 12. Be3 Rc8 13. Rac1 Qd7 14. Qa4 Rfd8 15. Nd4 Ne5 16. Qxd7 Nexd7 17. Nxe6 fxe6 18. Bh3 Kf7 19. Bxa7 b6 20. Nb5 Ne4 21. Nd4 Ng5 22. Bg2 Bc5 23. h4 Ne4 24. Bxe4 dxe4 25. Nb5 Nf6 26. e3 Nd5 27. Rc4 Ke7 28. a3 Nc7 29. Rxd8 Kxd8 30. Nxc7 Rxc7 31. Rxc5 Rxa7 32. Rc6 1-0

[Event "26th Zadar Open 2019"]
[Site "Zadar"]
[Date "2019.12.16"]
[Round "3.11"]
[White "Livaic, Leon"]
[Black "Dixit, Nikhil"]
[Result "1/2-1/2"]
[ECO "C00"]
[WhiteElo "2505"]
[BlackElo "2318"]
[Annotator "ChessBase"]
[PlyCount "98"]
[EventDate "2019.12.15"]
[EventType "swiss"]
[EventCountry "CRO"]
[SourceTitle "playchess.com"]
[Source "ChessBase"]
[SourceQuality "1"]
[TimeControl "40/5400+30:1800+30"]

1. e4 {[%emt 0:00:30] 3} e6 {[%emt 0:03:30] 3} 2. b3 {[%emt 0:02:30] 3} d5 3. Bb2 Nf6 4. e5 Nfd7 5. Qg4 c5 6. f4 Nc6 7. Nf3 g6 8. Be2 h5 9. Qh3 Bh6 10. g3 Qe7 11. O-O b6 12. Nc3 a6 13. Rae1 Nf8 14. Qg2 Bb7 15. Qf2 O-O-O 16. Na4 Qc7 17. d4 cxd4 18. Ba3 b5 19. Nc5 Nd7 20. Nxb7 Kxb7 21. Nxd4 Nxd4 22. Qxd4 Bf8 23. Bxf8 Rhxf8 24. c4 dxc4 25. bxc4 {[%emt 0:04:30] 9} Nc5 26. Qe3 {[%emt 0:02:30] 5} b4 27. Rb1 {[%emt 0:00:30] ]} Qb6 28. a3 {[%emt 0:02:30] 2} b3 29. Rfc1 {[%emt 0:02:30] 0} a5 30. a4 {[%emt 0:00:00] ]} Kc7 31. Rc3 {[%emt 0:01:00] 8} Rd7 32. Kg2 Rfd8 33. Rbxb3 Nxb3 34. c5 Qc6+ 35. Bf3 Qxa4 36. Rxb3 Rd2+ 37. Kh3 Qa2 38. Kh4 Rxh2+ 39. Kg5 Rb2 40. Ra3 Qb1 41. Be4 Qd1 42. Rxa5 Rdb8 43. Ra7+ R2b7 44. Rxb7+ Rxb7 45. Bxb7 Qd8+ 46. Kh6 Qh8+ 47. Kg5 Qd8+ 48. Kh6 Qh8+ 49. Kg5 Qd8+ 1/2-1/2

[Event "26th Zadar Open 2019"]
[Site "Zadar"]
[Date "2019.12.16"]
[Round "3.12"]
[White "Krasteva, Beloslava"]
[Black "Doric, Darko"]
[Result "1/2-1/2"]
[ECO "E48"]
[WhiteElo "2264"]
[BlackElo "2492"]
[Annotator "ChessBase"]
[PlyCount "110"]
[EventDate "2019.12.15"]
[EventType "swiss"]
[EventCountry "CRO"]
[SourceTitle "playchess.com"]
[Source "ChessBase"]
[SourceQuality "1"]
[TimeControl "40/5400+30:1800+30"]

1. d4 {[%emt 0:00:30] 3} Nf6 {[%emt 0:00:30] 3} 2. c4 {[%emt 0:00:30] 3} e6 3. Nc3 Bb4 4. e3 O-O 5. Bd3 d5 6. cxd5 exd5 7. Nge2 Re8 8. Bd2 Bd6 9. Rc1 a6 10. O-O Nbd7 11. Nf4 c6 12. Qc2 Nf8 13. f3 Ng6 14. Nce2 Bd7 15. g3 Rc8 16. b4 b5 17. Nxg6 hxg6 18. e4 Bh3 19. e5 Bxf1 20. Kxf1 Bf8 21. exf6 Qxf6 22. Kg2 Bd6 23. h4 Qe7 24. a3 a5 25. bxa5 Bxa3 26. Re1 Qa7 27. h5 gxh5 28. Bf4 Qxa5 29. Rh1 Qa4 30. Bh7+ Kf8 31. Qd3 Rxe2+ 32. Qxe2 Qxd4 33. Rxh5 Re8 34. Re5 Rxe5 35. Bxe5 Qc4 36. Qxc4 bxc4 {[%emt 0:00:30] 2} 37. Bb1 f6 {[%emt 0:00:00] ]} 38. Bc3 Ke7 {[%emt 0:00:00] 1} 39. Kf2 Kd6 {[%emt 0:02:30] 5} 40. Ke2 c5 {[%emt 0:00:30] 1} 41. Bd2 Bb2 {[%emt 0:30:30] 4} 42. g4 Kc6 {[%emt 0:01:30] ]} 43. Bf5 Bd4 {[%emt 0:00:30] 9} 44. Kd1 Kd6 45. Kc2 Be5 46. Kd1 c3 47. Be1 d4 48. Kc2 c4 49. Bxc3 dxc3 50. Be4 Kc5 51. Bb7 Kd4 52. Bc6 Kc5 53. Bb7 Kd4 54. Bc6 Kc5 55. Bb7 Kd4 1/2-1/2

[Event "26th Zadar Open 2019"]
[Site "Zadar"]
[Date "2019.12.16"]
[Round "3.13"]
[White "Pecnik, Leo"]
[Black "Galperin, Platon"]
[Result "1-0"]
[ECO "B08"]
[WhiteElo "2326"]
[BlackElo "2462"]
[Annotator "ChessBase"]
[PlyCount "73"]
[EventDate "2019.12.15"]
[EventType "swiss"]
[EventCountry "CRO"]
[SourceTitle "playchess.com"]
[Source "ChessBase"]
[SourceQuality "1"]
[TimeControl "40/5400+30:1800+30"]

1. e4 g6 2. d4 d6 3. Nc3 Bg7 4. Nf3 Nf6 5. Be2 O-O 6. O-O a6 7. Re1 b5 8. e5 Ne8 9. a4 b4 10. Nd5 a5 11. Bg5 f6 12. Nxe7+ Kh8 13. exf6 Nxf6 14. Bd3 Bb7 15. Bxg6 Nc6 16. Nxc6 Bxc6 17. Be4 Bxe4 18. Rxe4 Qd7 19. Bxf6 Bxf6 20. Qd3 Rg8 21. g3 Raf8 22. Rf4 Qe8 23. Re1 Qxa4 24. Re6 Bd8 25. Rxf8 Rxf8 26. b3 Qd7 27. d5 Bf6 28. Kg2 a4 29. bxa4 Qxa4 30. Qf5 Bg7 31. Qe4 Bf6 32. c3 Qa2 33. cxb4 Qb3 34. Re8 Rxe8 35. Qxe8+ Kg7 36. Qd7+ Kg6 37. Qg4+ 1-0

[Event "26th Zadar Open 2019"]
[Site "Zadar"]
[Date "2019.12.16"]
[Round "3.14"]
[White "Blohberger, Felix"]
[Black "Gelbenegger, Patrick"]
[Result "1-0"]
[ECO "A31"]
[WhiteElo "2434"]
[BlackElo "2267"]
[Annotator "NA"]
[PlyCount "111"]
[EventDate "2019.12.15"]
[EventType "swiss"]
[EventCountry "CRO"]
[SourceTitle "playchess.com"]
[Source "ChessBase"]
[SourceQuality "1"]
[TimeControl "40/5400+30:1800+30"]

1. c4 c5 2. Nf3 Nc6 3. d4 cxd4 4. Nxd4 d6 5. Nc3 Nf6 6. e4 e5 7. Nc2 Be7 8. Be2 a6 9. O-O O-O 10. Be3 Be6 11. Qd2 Ng4 12. Bxg4 Bxg4 13. Nd5 Be6 14. Rfd1 Bxd5 15. Qxd5 Qc7 16. b3 Kh8 17. a4 Na5 18. Qd3 Nc6 19. Bc1 Rad8 20. Ne3 Nb4 21. Qc3 a5 22. Nd5 Nxd5 23. Rxd5 b6 24. Ba3 f5 25. exf5 Rxf5 26. Rad1 Rf6 27. Bc1 Rdf8 28. Be3 Rg6 29. Qd3 Qc6 30. Qe4 Qc7 31. Rb5 Rb8 32. Qd5 h6 33. b4 axb4 34. Rxb4 Bg5 35. Bxg5 Rxg5 36. Qxd6 Qxd6 37. Rxd6 Rg4 38. f3 Rf4 39. a5 b5 40. Rxb5 Rc8 41. a6 Rfxc4 42. a7 Ra8 43. Rb8+ Rc8 44. Rxc8+ Rxc8 45. Rb6 Rc1+ 46. Kf2 Ra1 47. Rb8+ Kh7 48. a8=Q Rxa8 49. Rxa8 Kg6 50. Ke3 Kf5 51. h4 Kg6 52. Ke4 Kh5 53. g3 g6 54. Kxe5 g5 55. Kf5 gxh4 56. g4# 1-0

[Event "26th Zadar Open 2019"]
[Site "Zadar"]
[Date "2019.12.16"]
[Round "3.16"]
[White "Bukal, Vladimir Jr."]
[Black "Deglmann, Ludwig"]
[Result "1-0"]
[ECO "A80"]
[WhiteElo "2393"]
[BlackElo "2261"]
[Annotator "NA"]
[PlyCount "53"]
[EventDate "2019.12.15"]
[EventType "swiss"]
[EventCountry "CRO"]
[SourceTitle "playchess.com"]
[Source "ChessBase"]
[SourceQuality "1"]
[TimeControl "40/5400+30:1800+30"]

1. d4 f5 2. Bf4 Nf6 3. e3 d6 4. Nc3 g6 5. h4 h6 6. Qf3 Bg7 7. Qg3 Kf7 8. O-O-O Qe8 9. Bc4+ e6 10. e4 fxe4 11. f3 d5 12. Bf1 Nh5 13. Qh2 Nc6 14. Nb5 e5 15. Nxc7 Qd8 16. dxe5 Nxf4 17. Qxf4+ Kg8 18. Nxd5 Bxe5 19. Qe3 Qa5 20. Bc4 Kg7 21. f4 Bd6 22. h5 Bf5 23. Ne2 Rad8 24. Ng3 Bg4 25. Qxe4 gxh5 26. Nxh5+ Kf8 27. Qg6 1-0

[Event "26th Zadar Open 2019"]
[Site "Zadar"]
[Date "2019.12.16"]
[Round "3.17"]
[White "Stocko, Josip"]
[Black "Martinovic, Sasa"]
[Result "0-1"]
[ECO "B58"]
[WhiteElo "2267"]
[BlackElo "2544"]
[Annotator "ChessBase"]
[PlyCount "110"]
[EventDate "2019.12.15"]
[EventType "swiss"]
[EventCountry "CRO"]
[SourceTitle "playchess.com"]
[Source "ChessBase"]
[SourceQuality "1"]
[TimeControl "40/5400+30:1800+30"]

1. e4 c5 2. Nf3 d6 3. d4 cxd4 4. Nxd4 Nf6 5. Nc3 Nc6 6. Be2 e5 7. Nf3 h6 8. O-O Be7 9. Re1 O-O 10. Bf1 Bg4 11. h3 Bh5 12. a3 Rc8 13. Be2 Bg6 14. Bd3 a6 15. Nh2 Kh8 16. Nf1 Nb8 17. Ne3 Nbd7 18. Ned5 Nb6 19. Nxf6 Bxf6 20. Be3 Bg5 21. Qd2 f6 22. Rad1 Bf7 23. Bxg5 hxg5 24. Bf1 Rc6 25. Re3 Qc7 26. Qe1 g6 27. f3 Kg7 28. h4 gxh4 29. Qxh4 Rh8 30. Qf2 Nc8 31. Rd2 Ne7 32. g3 b5 33. f4 Qc8 34. Red3 Bc4 35. Rf3 Bxf1 36. Qxf1 Qg4 37. Nd5 Nxd5 38. exd5 e4 39. dxc6 exf3 40. Qe1 Kf7 41. Rh2 Rxh2 42. Kxh2 Qh5+ 43. Kg1 Qc5+ 44. Qf2 Qxc6 45. Qa7+ Ke6 46. Qe3+ Kf5 47. Kf2 Qxc2+ 48. Kxf3 Qc6+ 49. Ke2 Qg2+ 50. Kd3 d5 51. Kc3 Qe4 52. Qa7 d4+ 53. Kd2 Qe3+ 54. Kd1 Kg4 55. Qxa6 d3 0-1

[Event "26th Zadar Open 2019"]
[Site "Zadar"]
[Date "2019.12.16"]
[Round "3.18"]
[White "Plenkovic, Zdenko"]
[Black "Peng, Hongchi"]
[Result "0-1"]
[ECO "D00"]
[WhiteElo "2355"]
[BlackElo "2271"]
[Annotator "NA"]
[PlyCount "64"]
[EventDate "2019.12.15"]
[EventType "swiss"]
[EventCountry "CRO"]
[SourceTitle "playchess.com"]
[Source "ChessBase"]
[SourceQuality "1"]
[TimeControl "40/5400+30:1800+30"]

1. Nf3 Nf6 2. d4 g6 3. Nc3 d5 4. Bf4 Bg7 5. e3 O-O 6. Be2 c5 7. Ne5 cxd4 8. exd4 Nc6 9. Qd2 Bf5 10. h4 Ne4 11. Nxe4 dxe4 12. Nxc6 bxc6 13. O-O-O Qb6 14. Bh6 Rfb8 15. b3 Bh8 16. g4 Be6 17. Be3 Rd8 18. h5 c5 19. hxg6 fxg6 20. d5 Bxd5 21. Qe1 a5 22. f4 Qf6 23. c3 a4 24. g5 Qxc3+ 25. Qxc3 Bxc3 26. Rxd5 Rxd5 27. Bc4 e6 28. Bxd5 exd5 29. Kc2 axb3+ 30. Kxc3 bxa2 31. Kb2 d4 32. Bf2 e3 0-1

[Event "26th Zadar Open 2019"]
[Site "Zadar"]
[Date "2019.12.16"]
[Round "3.19"]
[White "Sahil, Tickoo"]
[Black "Nester, Ihor"]
[Result "1/2-1/2"]
[ECO "A10"]
[WhiteElo "2259"]
[BlackElo "2329"]
[Annotator "NA"]
[PlyCount "175"]
[EventDate "2019.12.15"]
[EventType "swiss"]
[EventCountry "CRO"]
[SourceTitle "playchess.com"]
[Source "ChessBase"]
[SourceQuality "1"]
[TimeControl "40/5400+30:1800+30"]

1. Nf3 e6 2. g3 f5 3. Bg2 Nf6 4. O-O Be7 5. c4 O-O 6. Nc3 d6 7. d3 e5 8. e4 Nc6 9. Nd5 fxe4 10. Nxf6+ Bxf6 11. dxe4 Be6 12. b3 Qe8 13. Ne1 Qg6 14. Nc2 Rae8 15. Bb2 Bg5 16. Qe2 a5 17. Rad1 b6 18. Ne3 Bxe3 19. Qxe3 Qh5 20. f4 Bh3 21. Rd2 Bxg2 22. Rxg2 Rf7 23. f5 Qg4 24. h3 Qh5 25. g4 Qh4 26. Kh2 h6 27. Bc3 Nd4 28. Bxd4 exd4 29. Qxd4 Re5 30. Re2 Rfe7 31. Rfe1 Re8 32. Kg2 h5 33. Qf2 Qg5 34. Qe3 Rxf5 35. Qxg5 Rxg5 36. Kg3 hxg4 37. hxg4 Rge5 38. Re3 g5 39. R1e2 R8e6 40. Kf2 Kg7 41. Kg3 Re7 42. Kg2 Kf8 43. Rf3+ Ke8 44. Rf5 Rxe4 45. Rxe4 Rxe4 46. Kf3 Re1 47. Rxg5 Kf7 48. Rf5+ Kg6 49. Rb5 Ra1 50. a4 Re1 51. Kf4 Re2 52. Rg5+ Kf6 53. Rh5 Kg6 54. Rh3 Kf6 55. Rh7 Rb2 56. g5+ Kg6 57. Rxc7 Rxb3 58. Rc6 Rd3 59. Ke4 Rb3 60. Rxd6+ Kxg5 61. Kd4 Kf5 62. Rh6 Rb4 63. Kd5 Kf4 64. Re6 Kf5 65. Rd6 Kf4 66. Re6 Kf5 67. Rh6 Kf4 68. Kd4 Kf5 69. Rc6 Kf4 70. Rh6 Kf5 71. Rd6 Kf4 72. Rf6+ Kg5 73. Rc6 Kf4 74. Kc3 Ke5 75. c5 Kd5 76. Rxb6 Rxb6 77. cxb6 Kc6 78. Kc4 Kxb6 79. Kd5 Ka6 80. Kc6 Ka7 81. Kb5 Kb7 82. Kxa5 Ka7 83. Kb5 Kb7 84. a5 Ka7 85. a6 Ka8 86. Kb6 Kb8 87. a7+ Ka8 88. Ka6 1/2-1/2

[Event "26th Zadar Open 2019"]
[Site "Zadar"]
[Date "2019.12.16"]
[Round "3.20"]
[White "Antova, Gabriela"]
[Black "Zelic, Mladen"]
[Result "1-0"]
[ECO "C63"]
[WhiteElo "2314"]
[BlackElo "2254"]
[Annotator "NA"]
[PlyCount "105"]
[EventDate "2019.12.15"]
[EventType "swiss"]
[EventCountry "CRO"]
[SourceTitle "playchess.com"]
[Source "ChessBase"]
[SourceQuality "1"]
[TimeControl "40/5400+30:1800+30"]

1. e4 e5 2. Nf3 Nc6 3. Bb5 f5 4. d3 fxe4 5. dxe4 Nf6 6. O-O d6 7. Qd3 a6 8. Ba4 b5 9. Bb3 Na5 10. Nbd2 Nxb3 11. Qxb3 Qe7 12. a4 Bd7 13. axb5 Bxb5 14. Re1 h6 15. Nh4 Qf7 16. c4 Bc6 17. Qc3 Be7 18. Nf5 O-O 19. f3 Nh5 20. Nf1 Bd7 21. Nxe7+ Qxe7 22. Ra5 Qh4 23. Rd1 Rf6 24. Qe1 Qxe1 25. Rxe1 Rff8 26. Bd2 Rfb8 27. b4 Nf4 28. Rea1 Bc6 29. Rxa6 Ne2+ 30. Kf2 Nd4 31. Rxa8 Rxa8 32. Rxa8+ Bxa8 33. Ne3 Kf7 34. Bc3 Ne6 35. Nf5 h5 36. g3 g6 37. Ne3 Ke7 38. Nd5+ Kd7 39. Ke3 Bb7 40. f4 exf4+ 41. gxf4 c6 42. Nf6+ Ke7 43. f5 gxf5 44. exf5 Ng7 45. Ng8+ Kf8 46. Nh6 Ba6 47. c5 dxc5 48. bxc5 Ne8 49. Kf4 Nc7 50. Be5 Ne8 51. Kg5 Be2 52. f6 Bb5 53. f7 1-0

[Event "26th Zadar Open 2019"]
[Site "Zadar"]
[Date "2019.12.16"]
[Round "3.21"]
[White "Vidic, Teja"]
[Black "Ascic, Pero"]
[Result "1-0"]
[ECO "C97"]
[WhiteElo "2221"]
[BlackElo "2310"]
[Annotator "NA"]
[PlyCount "157"]
[EventDate "2019.12.15"]
[EventType "swiss"]
[EventCountry "CRO"]
[SourceTitle "playchess.com"]
[Source "ChessBase"]
[SourceQuality "1"]
[TimeControl "40/5400+30:1800+30"]

1. e4 e5 2. Nf3 Nc6 3. Bb5 a6 4. Ba4 Nf6 5. O-O Be7 6. Re1 b5 7. Bb3 O-O 8. c3 d6 9. h3 Na5 10. Bc2 c5 11. d4 Qc7 12. d5 Nc4 13. b3 Nb6 14. a4 bxa4 15. bxa4 a5 16. Na3 Bd7 17. Rb1 Rfb8 18. Nb5 Bxb5 19. Rxb5 Nc8 20. c4 Rxb5 21. axb5 Nd7 22. Re3 Ndb6 23. Qe2 Ra7 24. Ra3 Qb8 25. Nh2 Nd7 26. Ng4 Nf6 27. f4 Nxg4 28. Qxg4 Bf6 29. f5 Nb6 30. Qe2 Qd8 31. g3 Bg5 32. Bb2 a4 33. h4 Be7 34. Bd3 Ra8 35. Bc1 Ra7 36. Qg4 Kh8 37. Bd2 Ra8 38. Be2 Ra7 39. Be1 Ra8 40. Qh3 Qd7 41. Kh2 Qd8 42. g4 f6 43. Bd2 Ra7 44. Qg2 Ra8 45. Kg1 Ra7 46. Kf1 Ra8 47. Ke1 Ra7 48. Kd1 Ra8 49. Kc1 Ra7 50. Kb1 Ra8 51. Ka1 Ra7 52. g5 Ra8 53. Qg4 Nd7 54. Qh5 Qg8 55. g6 Nb6 56. Ka2 Ra7 57. gxh7 Qxh7 58. Qe8+ Qg8 59. Qh5+ Qh7 60. Qe8+ Qg8 61. Qg6 Qh7 62. Qg4 Bf8 63. Qg2 Kg8 64. h5 Kf7 65. Rh3 Ke8 66. Qg4 Nc8 67. Qh4 Be7 68. Rg3 Nb6 69. Ka3 Ra8 70. Rg6 Kd7 71. Qg4 Bf8 72. h6 gxh6 73. Rxf6 Kc7 74. Qh5 Nd7 75. Rf7 Qh8 76. f6 Kd8 77. Qf5 Ra7 78. Bg4 Nb6 79. Rxa7 1-0